 Dungeon Crawl Stone Soup version 0.27.0-1-g7a089689b8 (webtiles) character file.

Game seed: 10686059843319233494

3852 ZARRMARR the Destroyer (level 10, -10/67 HPs)
             Began as a Human Conjurer on Aug 12, 2021.
             Was a Believer of Vehumet.
             Mangled by Edmund (22 damage)
             ... on level 5 of the Dungeon.
             The game lasted 01:06:27 (9682 turns).

ZARRMARR the Destroyer (Human Conjurer)             Turns: 9682, Time: 01:06:35

Health: -10/67     AC:  6    Str:  7    XL:     10   Next: 41%
Magic:  11/22      EV: 12    Int: 25    God:    Vehumet [**....]
Gold:   270        SH:  5    Dex: 12    Spells: 18/25 levels left

rFire    + . .     SeeInvis .   o - staff of fire
rCold    + . .     Faith    .   (no shield)
rNeg     + . .     Spirit   .   t - +2 leather armour "Vux Cymp" {Int+3}
rPois    .         Reflect  +   (no helmet)
rElec    .         Harm     .   k - +0 cloak
rCorr    .         Rampage  .   (no gloves)
Will     .....                  (no boots)
Stlth    ++........             f - amulet of reflection
HPRegen  0.21/turn              s - ring of protection from cold
MPRegen  0.18/turn              y - ring of positive energy

@: no status effects
A: no striking features
a: Renounce Religion


You were on level 5 of the Dungeon.
You worshipped Vehumet.
Vehumet was pleased with you.
You visited 1 branch of the dungeon, and saw 7 of its levels.

You collected 366 gold pieces.
You spent 96 gold pieces at shops.

Inventory:

Hand Weapons
 h - a +2 dagger of draining
Missiles
 l - 13 poisoned darts (quivered)
 m - 5 curare-tipped darts
 x - 14 throwing nets
 z - 18 boomerangs
Armour
 k - a +0 cloak (worn)
 t - the +2 leather armour "Vux Cymp" (worn) {Int+3}
   (You took it off an orc priest on level 6 of the Dungeon)

   Int:       It affects your intelligence (+3).
 w - +0 acid dragon scales
Magical Staves
 o - a staff of fire (weapon)
Jewellery
 f - an amulet of reflection (around neck)
 s - a ring of protection from cold (left hand)
 y - a ring of positive energy (right hand)
Wands
 j - a wand of paralysis (12)
 u - a wand of flame (16)
 C - a wand of polymorph (6)
Scrolls
 b - a scroll of torment
 c - a scroll of immolation
 i - a scroll of enchant armour
 r - 2 scrolls of fog
 v - a scroll of brand weapon
 A - a scroll of blinking {unknown}
 D - a scroll of vulnerability {unknown}
 G - a scroll of noise {unknown}
 H - a scroll of magic mapping
Potions
 a - a potion of haste {unknown}
 d - 2 potions of flight
 e - 3 potions of invisibility {unknown}
 g - 2 potions of degeneration {unknown}
 n - a potion of ambrosia {unknown}
 p - a potion of curing {unknown}
 q - 3 potions of heal wounds {unknown}
 B - 2 potions of mutation
 E - 2 potions of cancellation {unknown}


   Skills:
 + Level 2.1 Fighting
 + Level 1.0 Staves
 + Level 0.1 Throwing
 + Level 2.5 Armour
 + Level 3.1 Dodging
 + Level 4.4 Stealth
 + Level 2.1 Shields
 + Level 8.0 Spellcasting
 - Level 8.6 Conjurations
 * Level 3.7 Transmutations
 * Level 3.7 Earth Magic
 + Level 1.1 Evocations


You had 18 spell levels left.
You knew the following spells:

 Your Spells              Type           Power      Damage    Failure   Level
a - Magic Dart            Conj           100%       1d8       1%          1
b - Searing Ray           Conj           100%       3d7       1%          2
c - Petrify               Tmut/Erth      28%        N/A       19%         4

Your spell library contained the following spells:

 Spells                   Type           Power      Damage    Failure   Level
 Conjure Flame            Conj/Fire      47%        6-21      4%          3
 Dazzling Flash           Conj/Hex       62%        N/A       4%          3
 Apportation              Tloc           20%        N/A       9%          1
 Freeze                   Ice            40%        1d6       9%          1
 Corpse Rot               Necr/Air       N/A        N/A       13%         2
 Sublimation of Blood     Necr           5%         N/A       13%         2
 Fulminant Prism          Conj/Hex       15%        3d11      16%         4
 Hailstorm                Conj/Ice       31%        3d8       16%         4
 Iskenderun's Mystic Bla  Conj/Tloc      31%        2d8       16%         4
 Irradiate                Conj/Tmut      20%        3d20      19%         5
 Frozen Ramparts          Ice            20%        1d4       26%         3
 Dispel Undead            Necr           10%        3d9       65%         4
 Death Channel            Necr           5%         N/A       100%        6


Dungeon Overview and Level Annotations

Branches:
Dungeon (7/15)             Temple (0/1) D:6

Altars:
Cheibriados
Gozag
Kikubaaqudgha
Makhleb
Okawaru
Qazlal
Sif Muna
Vehumet

Shops:
D:7 :!!

Annotations:
D:5 Edmund


Message History

The stone closely misses Edmund.
The searing ray hits Edmund!
Edmund is severely wounded.
The searing ray misses Edmund.
You finish channeling your searing ray.
Edmund drinks a potion.
Edmund goes berserk!
Edmund rages.
Casting: Searing Ray (safe; 1% risk of failure)
Confirm with . or Enter, or press ? or * to list all spells.
Aiming: Searing Ray (safe; 1% risk of failure)
Press: ? - help, Shift-Dir - straight line, f/p - Edmund
Aim: Edmund, wielding a +7 dire flail of pain, wearing a +0 chain mail and quivering stones (severely wounded, berserk, 87% to hit)
The searing ray hits Edmund!
Edmund is almost dead. (Press . to maintain the ray.) Edmund hits you with a +7 dire flail of pain!
The searing ray hits Edmund but does no damage.
Edmund is almost dead.
Edmund closely misses you. You block Edmund's attack.
The searing ray hits Edmund but does no damage.
Edmund is almost dead.
Edmund misses you.
The searing ray hits Edmund.
Edmund is almost dead.
You finish channeling your searing ray.
Edmund hits you with a +7 dire flail of pain!! x2
* * * LOW HITPOINT WARNING * * *
Casting: Searing Ray (safe; 1% risk of failure)
Confirm with . or Enter, or press ? or * to list all spells.
Okay, then.
Unknown command.
Unknown command.
Casting: Searing Ray (safe; 1% risk of failure)
Confirm with . or Enter, or press ? or * to list all spells.
Aiming: Searing Ray (safe; 1% risk of failure)
Press: ? - help, Shift-Dir - straight line, f/p - Edmund
Aim: Edmund, wielding a +7 dire flail of pain, wearing a +0 chain mail and quivering stones (almost dead, berserk, 87% to hit)
The searing ray misses Edmund. (Press . to maintain the ray.) Edmund hits you with a +7 dire flail of pain!!
You die...

#......>.# #...###...#
####. ##..... ....
#...... ... ...... ..###
...... ## .).### ......
... #.. #@...#...<...
... ##.#### #@...#.....
†.. #...#.###.........
..@#
####.....##.........
....##.#......##.<..##.#
....................# #
.......#.........#..#
.......##.......(...#
...#......####.....## ..
##...### #..)..#


You could see Edmund (berserk).

Vanquished Creatures
  Pikel (D:7)
  Maggie (D:6)
  A hornet (D:7)
  Sigmund (D:2)
  A steam dragon (D:6)
  Menkaure (D:6)
  Duvessa (D:5)
  An orc warrior (D:6)
  An ice beast (D:6)
  2 necrophages (D:5)
  An ogre (D:5)
  2 wolves (D:7)
  3 lemures (D:7)
  2 kobold brigands (D:4)
  2 bullfrogs (D:6)
  4 gnoll sergeants (D:7)
  3 scorpions
  Dowan (D:5)
  3 wights (D:6)
  A howler monkey (D:7)
  A centaur zombie (D:7)
  4 hounds
  A jelly (D:6)
  2 gnoll shamans (D:7)
  2 orc priests
  2 bullfrog skeletons (D:7)
  Terence (D:2)
  An iguana (D:5)
  2 orc wizards
  A killer bee zombie (D:6)
  6 adders
  29 gnolls
  A shadow imp (D:7)
  A white imp (D:6)
  2 ufetubi
  An adder skeleton (D:4)
  2 worms (D:2)
  A dart slug (D:2)
  11 orcs
  4 endoplasms
  3 giant cockroaches
  4 goblins
  10 hobgoblins
  18 jackals
  11 kobolds
  2 quokkas
  7 ball pythons
  7 bats
  3 frilled lizards (D:2)
  3 rats
176 creatures vanquished.

Notes
Turn   | Place    | Note
-------+----------+-------------------------------------------
     0 | D:1      | ZARRMARR the Human Conjurer began the quest for the Orb.
     0 | D:1      | Reached XP level 1. HP: 13/13 MP: 3/3
   317 | D:1      | Reached XP level 2. HP: 19/19 MP: 0/5
   693 | D:1      | Reached XP level 3. HP: 24/24 MP: 4/6
  1470 | D:2      | Reached skill level 5 in Conjurations
  1827 | D:2      | Noticed Sigmund
  1867 | D:3      | Reached XP level 4. HP: 25/30 MP: 2/7
  2102 | D:3      | Reached XP level 5. HP: 30/35 MP: 0/9
  2222 | D:3      | Found a radiant altar of Vehumet.
  2638 | D:3      | Found an ancient bone altar of Kikubaaqudgha.
  2642 | D:3      | Became a worshipper of Vehumet
  2651 | D:3      | Found a shimmering blue altar of Sif Muna.
  2656 | D:3      | Got Sif Muna's Reference Book on the Compass
  3015 | D:4      | Found a stormy altar of Qazlal.
  3024 | D:4      | Reached XP level 6. HP: 41/41 MP: 1/10
  3427 | D:4      | Found an iron altar of Okawaru.
  3884 | D:4      | Learned a level 2 spell: Searing Ray
  3885 | D:5      | Entered Level 5 of the Dungeon
  3886 | D:5      | Noticed an ogre
  4360 | D:4      | Reached * piety under Vehumet
  4360 | D:4      | Offered knowledge of Shock by Vehumet.
  4404 | D:4      | Reached XP level 7. HP: 47/47 MP: 10/12
  4694 | D:2      | Noticed Terence
  4700 | D:2      | Killed Terence
  5030 | D:2      | Killed Sigmund
  5460 | D:5      | Noticed Dowan
  5466 | D:5      | Killed Dowan
  5516 | D:5      | Noticed Duvessa
  5571 | D:5      | Reached XP level 8. HP: 28/53 MP: 5/14
  5790 | D:5      | Noticed Edmund
  5853 | D:6      | Noticed Menkaure
  5986 | D:5      | Killed Duvessa
  5987 | D:5      | Reached skill level 1 in Shields
  5987 | D:5      | Reached skill level 5 in Spellcasting
  6487 | D:6      | Killed Menkaure
  6488 | D:6      | Reached skill level 1 in Evocations
  6538 | D:6      | Found a staircase to the Ecumenical Temple.
  6552 | D:6      | Identified the +2 leather armour "Vux Cymp" {Int+3}
  6554 | D:6      | Reached XP level 9. HP: 48/58 MP: 6/17
  6726 | D:6      | Learned a level 4 spell: Petrify
  6732 | D:6      | Reached skill level 1 in Fighting
  6735 | D:6      | Reached skill level 1 in Transmutations
  6735 | D:6      | Reached skill level 1 in Earth Magic
  6893 | D:6      | Reached ** piety under Vehumet
  7062 | D:6      | Found a burning altar of Makhleb.
  7089 | D:6      | Found an opulent altar of Gozag.
  7089 | D:6      | Noticed Maggie
  7099 | D:6      | Killed Maggie
  7099 | D:6      | Offered knowledge of Poisonous Vapours by Vehumet.
  7542 | D:7      | Noticed a hornet
  7547 | D:7      | Paralysed by a hornet for 1 turns
  7548 | D:7      | Killed a hornet
  7679 | D:7      | Found Igofouqy's General Store.
  7728 | D:7      | Found Dosmaele's Distillery.
  7773 | D:7      | Reached skill level 1 in Armour
  8026 | D:7      | Reached XP level 10. HP: 45/67 MP: 0/20
  8247 | D:7      | Found Jushoub's Distillery.
  8269 | D:7      | Bought a potion of mutation for 96 gold pieces
  8290 | D:7      | Noticed Pikel
  8420 | D:7      | Killed Pikel
  8421 | D:7      | Reached skill level 1 in Staves
  8747 | D:7      | Offered knowledge of Conjure Flame by Vehumet.
  8805 | D:7      | Found a snail-covered altar of Cheibriados.
  9246 | D:7      | Found Viyc's Book Shop.
  9682 | D:5      | Mangled by Edmund

Illustrated notes

Levels and vault maps discovered:
D:1:      saegor_arrival_under_anarchy, layout_basic, minmay_misc_feat_tiny,
          minmay_pentomino_u2
D:2:      layout_rooms, uniq_terence, uniq_sigmund
D:3:      layout_loops_ring, grunt_temple_overflow_magic_moments
D:4:      cheibrodos_thug_alley, layout_cave_pools, grunt_qazlal_clouds,
          old_standard_altar, serial_bayou, serial_bayou_shore_b,
          serial_bayou_shore_a, serial_bayou_shore_b, serial_bayou_pond_b
D:5:      layout_cave_pools, grunt_decor_resistance, uniq_edmund, uniq_duvessa
D:6:      layout_rooms, mainiacjoe_overflow_large_starburst,
          minmay_temple_entry_stoned_glass, dk_noncrumbling_4, uniq_menkaure,
          uniq_maggie
D:7:      layout_cave_pools, lemuel_coloured_pillars_altar, serial_shops,
          nicolae_stop_n_shop_1, serial_gnoll_camp, gnoll_camp_mini_shop,
          gnoll_camp_mini_shop, gnoll_camp_mini_shop, gnoll_camp_huts_moat,
          gnoll_camp_medium_01, gnoll_camp_mini_hut, uniq_pikel

Skill      XL: |  1  2  3  4  5  6  7  8  9 10 |
---------------+-------------------------------+-----
Conjurations   | 5 6 7 8 |  8.6
Spellcasting   | 3 4 5 7 8 |  8.0
Stealth        | 3 4 |  4.4
Shields        | 1 2 |  2.1
Evocations     | 1 |  1.1
Fighting       | 1 2 |  2.1
Transmutations | 3 |  3.7
Earth Magic    | 2 3 |  3.7
Armour         | 1 2 |  2.5
Staves         | 1 |  1.0
Dodging        | 3 |  3.1
Throwing       | |  0.1

Action                   |  1- 3 |  4- 6 |  7- 9 | 10-12 || total
-------------------------+-------+-------+-------+-------++-------
Melee: Unarmed           |     5 |       |       |       ||     5
       Spear             |    19 |     4 |       |       ||    23
       Staff             |       |       |     7 |     1 ||     8
Throw: Dart              |       |       |     1 |       ||     1
 Cast: Magic Dart        |    75 |    99 |    87 |    87 ||   348
       Searing Ray       |       |     4 |    59 |    33 ||    96
Evoke: Wand              |       |     4 |       |       ||     4
  Use: Scroll            |     5 |     2 |     2 |     2 ||    11
       Potion            |     1 |     1 |       |       ||     2
Armor: Robe              |     4 |     2 |     2 |       ||     8
       Skin              |     2 |       |       |       ||     2
       Leather armour    |       |       |     3 |     7 ||    10
Dodge: Dodged            |    23 |     6 |    22 |    16 ||    67
Block: Other             |       |     7 |     9 |     9 ||    25
       Reflection        |       |     1 |     2 |     4 ||     7
